 Dungeon Crawl Stone Soup version 0.28.0-45-g0d030f2227 (webtiles) character file.

Game seed: 10492282338628461092

18 Peloso the Shield-Bearer (level 2, 0/27 HPs)
             Began as a Minotaur Fighter on Apr 14, 2022.
             Slain by an iguana (9 damage)
             ... on level 2 of the Dungeon.
             The game lasted 00:01:07 (960 turns).

Peloso the Shield-Bearer (Minotaur Fighter)          Turns: 960, Time: 00:01:08

Health: 0/27       AC:  7    Str: 20    XL:     2   Next: 48%
Magic:  1/1        EV:  9    Int:  5    God:
Gold:   28         SH:  4    Dex:  9    Spells: 1/1 levels left

rFire   . . .      SeeInvis .   a - +1 long sword
rCold   . . .      Faith    .   c - +0 buckler
rNeg    . . .      Spirit   .   b - +0 scale mail
rPois   .          Reflect  .   (helmet restricted)
rElec   .          Harm     .   (no cloak)
rCorr   .          Rampage  .   (no gloves)
Will    .....                   (no boots)
Stlth   ..........              (no amulet)
HPRegen 0.09/turn               (no ring)
MPRegen 0.07/turn               (no ring)

@: no status effects
A: horns 2, retaliatory headbutt
a: no special abilities


You were on level 2 of the Dungeon.
You visited 1 branch of the dungeon, and saw 2 of its levels.

You collected 28 gold pieces.

Inventory:

Hand Weapons
 a - a +1 long sword (weapon)
Armour
 b - a +0 scale mail (worn)
 c - a +0 buckler (worn)
Potions
 d - a potion of might
 g - 2 potions of curing {unknown}
 h - a potion of ambrosia {unknown}


   Skills:
 + Level 3.9 Fighting
 + Level 2.9 Long Blades
 + Level 3.9 Armour
 + Level 4.0 Shields


You had one spell level left.
You didn't know any spells.
Your spell library contained the following spells:

 Spells                   Type           Power      Damage    Failure   Level
 Scorch                   Fire           0%         2d5       96%         2
 Flame Wave               Conj/Fire      0%         2d4       100%        4
 Summon Cactus Giant      Summ           0%         N/A       100%        6


Dungeon Overview and Level Annotations

Branches:
Dungeon (2/15)

Altars:
Nemelex Xobeh


Innate Abilities, Weirdness & Mutations

You have a pair of horns on your head.
You reflexively headbutt those who attack you in melee.


Message History

It is a scroll of enchant weapon.
Your +0 long sword glows red for a moment.
(D) Dungeon
Where to? (? - help)
What level of the Dungeon? (default 1, ? - help)
You see here a +0 hunting sling.
There is a stone staircase leading down here.
You climb downwards.
The iguana hisses angrily.
Found 3 boomerangs.
There is a stone staircase leading up here.
There are monsters nearby!
Found an emerald potion.
Found an escape hatch in the floor.
Found a stone staircase leading down.
The iguana hisses menacingly.
The iguana bites you.
You slash the iguana!
The iguana is heavily wounded.
You block the iguana's attack.
You completely miss the iguana.
You headbutt the iguana, but do no damage.
The iguana is heavily wounded.
The rat completely misses you.
The iguana bites you but does no damage.
You barely miss the iguana.
The iguana is heavily wounded.
The iguana completely misses you.
The rat twitches its whiskers.
The rat bites you but does no damage.
You closely miss the iguana.
The iguana is heavily wounded.
The iguana closely misses you. The rat bites you but does no damage.
The iguana bites you! The rat barely misses you.
You hit the iguana but do no damage.
The iguana is heavily wounded.
The iguana bites you! You block the rat's attack.
You closely miss the iguana. You headbutt the iguana!
The iguana is almost dead.
The iguana bites you!
You die...

#.... #... #...
. ... ..
#.####.######...
>..............
#...........
#.<.@l......
#....r......
#.........!.
#...........
.....(......>
.......######.
........#
........#


You could see an iguana and a rat.

Vanquished Creatures
  2 endoplasms (D:1)
  4 hobgoblins (D:1)
  3 jackals (D:1)
  2 bats (D:1)
  A frilled lizard (D:1)
  2 goblins (D:1)
  2 kobolds (D:1)
  A rat (D:1)
17 creatures vanquished.

Notes
Turn   | Place    | Note
-------+----------+-------------------------------------------
     0 | D:1      | Peloso the Minotaur Fighter began the quest for the Orb.
     0 | D:1      | Reached XP level 1. HP: 19/19 MP: 0/0
   140 | D:1      | Found a faded altar of an unknown god.
   277 | D:1      | Reached XP level 2. HP: 14/27 MP: 1/1
   541 | D:1      | Reached skill level 4 in Shields
   897 | D:1      | Found a sparkling altar of Nemelex Xobeh.
   960 | D:2      | Slain by an iguana

Illustrated notes

Levels and vault maps discovered:
D:1:      dpeg_arrival_water_altar, layout_loops_ring,
          chequers_ecumenical_altar_grove
D:2:      layout_basic, kennysheep_boxes

Skill      XL: |  1  2 |
---------------+-------+-----
Shields        | 4 |  4.0
Fighting       | |  3.9
Long Blades    | |  2.9
Armour         | |  3.9

Action                   || total
-------------------------++-------
Melee: Long sword        ||    38
       Headbutt          ||     7
  Use: Scroll            ||     2
Armor: Scale mail        ||    24
Dodge: Dodged            ||    27
Block: Buckler           ||    14
